 Dungeon Crawl Stone Soup version 0.25-a0-860-gf695395b5c (webtiles) character file.

Game seed: 1762882743949943695, levelgen mode: deterministic

62 Maedhros the Poker (level 4, 0/31 HPs)
             Began as an Octopode Fighter on Apr 27, 2020.
             Succumbed to an adder's poison
             ... on level 3 of the Dungeon.
             The game lasted 00:00:58 (1077 turns).

Maedhros the Poker (Octopode Fighter)               Turns: 1077, Time: 00:00:59

Health: 0/31       AC:  1    Str: 15    XL:     4   Next: 8%
Magic:  4/4        EV: 11    Int: 10    God:
Gold:   42         SH:  8    Dex: 12    Spells: 3/3 levels left

rFire    . . .     SeeInvis .   a - +0 trident
rCold    . . .     Gourm    .   b - +0 kite shield
rNeg     . . .     Faith    .   (helmet restricted)
rPois    .         Spirit   .   (no amulet)
rElec    .         Reflect  .   (no ring)
rCorr    .         Harm     .   (no ring)
MR       .....                  (no ring)
Stlth    ++........             (no ring)
HPRegen  0.10/turn              (no ring)
MPRegen  0.09/turn              (no ring)
                                (no ring)
                                (no ring)

@: lethally poisoned (0 -> -1)
A: almost no armour, stealthy swim, amphibious, 8 rings, constrict 8, camouflage
1, gelatinous body 1
a: no special abilities


You were on level 3 of the Dungeon.
You were hungry.

You visited 1 branch of the dungeon, and saw 3 of its levels.

You collected 42 gold pieces.

Inventory:

Hand Weapons
 a - a +0 trident (weapon)
Missiles
 l - 2 poisoned darts (quivered)
Armour
 b - a +0 kite shield (worn)
Scrolls
 e - 4 scrolls of magic mapping {unknown}
 g - 3 scrolls of identify {unknown}
 h - a scroll of teleportation {unknown}
 j - a scroll of noise {unknown}
Potions
 c - a potion of might
Comestibles
 d - 2 rations


   Skills:
 - Level 3.0 Fighting
 + Level 4.2 Polearms
 - Level 3.0 Dodging
 - Level 3.0 Shields


You had 3 spell levels left.
You didn't know any spells.
Your spell library was empty.

Dungeon Overview and Level Annotations

Branches:
Dungeon (3/15)

Altars:
Ashenzari


Innate Abilities, Weirdness & Mutations

You cannot wear most types of armour.
You are very stealthy in the water. (Stealth+)
You are amphibious.
You can wear up to eight rings at the same time.
You can use your tentacles to constrict eight enemies at once.
Your skin changes colour to match your surroundings (Stealth+).
Your rubbery body absorbs attacks. (AC +1, EV +1)


Message History

You block the adder's attack.
Your shield prevents you from hitting the adder.
Your grab misses the adder.
* * * LOW HITPOINT WARNING * * *
You feel sick. You block the adder's attack. x2
You closely miss the adder. You grab the adder. You constrict the adder.
The adder barely misses you.
You puncture the adder!
You kill the adder!
You have reached level 4!
* * * LOW HITPOINT WARNING * * *
You feel sick.
There is a lethal amount of poison in your body!
There is a lethal amount of poison in your body!
There is a lethal amount of poison in your body!
* * * LOW HITPOINT WARNING * * *
You feel sick.
* * * LOW HITPOINT WARNING * * *
You feel sick.
You die...

#........#
#........#
#........#
#......#
#..<)..#
#...)..#
#)[....#
#.#######.<)..)#
......†@......##
..............#
.........######
##########


There were no monsters in sight!

Vanquished Creatures
  2 adders
  4 orcs (D:3)
  7 bats
  A giant cockroach (D:1)
  5 goblins
  3 hobgoblins (D:1)
  8 kobolds
  A quokka (D:2)
  3 frilled lizards
  3 rats (D:1)
37 creatures vanquished.

Notes
Turn   | Place    | Note
-------+----------+-------------------------------------------
     0 | D:1      | Maedhros the Octopode Fighter began the quest for the Orb.
     0 | D:1      | Reached XP level 1. HP: 16/16 MP: 1/1
    96 | D:1      | Reached XP level 2. HP: 21/21 MP: 2/2
   117 | D:1      | Reached skill level 3 in Polearms
   283 | D:1      | Reached XP level 3. HP: 13/26 MP: 3/3
   551 | D:2      | Found a shattered altar of Ashenzari.
   622 | D:3      | Reached skill level 4 in Polearms
  1065 | D:3      | Reached XP level 4. HP: 3/31 MP: 4/4
  1069 | D:3      | HP: 1/31 [poisoned by an adder]
  1077 | D:3      | Succumbed to an adder's poison

Levels and vault maps discovered:
D:1:      dpeg_arrival_rooms_with_view, layout_basic, grunt_decor_arrowhead,
          minmay_curled_crystal, minmay_crystal_room
D:2:      layout_loops_ring, nicolae_overflow_crystal_walls,
          grunt_dithmenos_smoke_and_mirrors
D:3:      layout_basic, old_standard_altar, serial_park_tiny_2

Skill      XL: |  1  2  3 |
---------------+----------+-----
Polearms       | 3 4 |  4.2
Fighting       | |  3.0
Dodging        | |  3.0
Shields        | |  3.0

Action                   |  1- 3 |  4- 6 || total
-------------------------+-------+-------++-------
Melee: Trident           |    77 |       ||    77
       Constrict         |    16 |       ||    16
       Tentacles         |     6 |       ||     6
  Use: Potion            |     3 |       ||     3
 Stab: Sleeping          |     6 |       ||     6
Armor: Skin              |     4 |       ||     4
Dodge: Dodged            |    27 |       ||    27
Block: Kite shield       |    22 |       ||    22

Table legend:
 A = Non-vault XP
 B = Vault XP
 C = Vault XP percentage of total XP
 D = Non-vault monster count
 E = Vault monster count
 F = Vault count percentage of total count
                 A         B        C        D         E       F
            +---------+---------+-------+---------+---------+-------
      Total |      86 |       3 |   3.4 |      35 |       2 |   5.4
            +---------+---------+-------+---------+---------+-------
        D:1 |      33 |       3 |   8.3 |      19 |       2 |   9.5
        D:2 |      21 |       0 |   0.0 |       7 |       0 |   0.0
        D:3 |      32 |       0 |   0.0 |       9 |       0 |   0.0
            +---------+---------+-------+---------+---------+-------
